 Dungeon Crawl Stone Soup version 0.13-a0-1585-g6f4f798 (webtiles) character file.

459 Kae the Slinger (level 6, -14/39 HPs)
             Began as a Halfling Hunter on June 13, 2013.
             Demolished by an ogre
             ... wielding a +0,+0 giant spiked club
              (21 damage)
             ... on Level 4 of the Dungeon.
             The game lasted 00:03:24 (2668 turns).

Kae the Slinger (Halfling Hunter)                   Turns: 2668, Time: 00:03:24

HP -14/39        AC  4     Str  9      XL: 6   Next: 58%
MP   5/5         EV 13     Int 11      God:
Gold 168         SH  0     Dex 19      Spells:  0 memorised,  5 levels left

Res.Fire  : . . .   See Invis. : .   b - +1 sling
Res.Cold  : . . .   Warding    : .   d - +0 leather armour
Life Prot.: . . .   Conserve   : .   (no shield)
Res.Poison: .       Res.Corr.  : .   (no helmet)
Res.Elec. : .       Clarity    : .   (no cloak)
Sust.Abil.: . .     Spirit.Shd : .   (no gloves)
Res.Mut.  : .       Stasis     : .   m - +0 pair of orc boots
Res.Rott. : .       Flight     : .   (no amulet)
Saprovore : . . .                    (no ring)
                                     (no ring)

@: mildly poisoned, slightly resistant to hostile enchantments, fairly stealthy
A: mutation resistance 1, slow metabolism 1
a: no special abilities


You were on level 4 of the Dungeon.
You were full.

You visited 1 branch of the dungeon, and saw 4 of its levels.

You collected 148 gold pieces.

Inventory:

Hand weapons
 a - a +1,+1 dwarven short sword
 b - a +1,+1 sling (weapon)
 n - a +0,+0 short sword
Missiles
 c - 29 sling bullets
 i - 100 stones (quivered)
Armour
 d - a +0 leather armour (worn)
 m - a +0 pair of orcish boots (worn)
Magical devices
 s - a wand of random effects (7) {unknown}
 t - a wand of slowing (15) {unknown}
 C - a wand of invisibility (5) {unknown}
 I - a wand of slowing (13) {unknown}
Comestibles
 f - 4 bread rations
 k - an apricot
 F - an apple
 G - a choko
Scrolls
 e - a scroll of random uselessness {unknown}
 g - 2 scrolls of magic mapping {unknown}
 h - 4 scrolls of enchant weapon II {unknown}
 j - 3 scrolls of teleportation {unknown}
 l - 2 scrolls of enchant armour {unknown}
 o - 4 scrolls of identify {unknown}
 r - 2 scrolls of fear {unknown}
 u - 2 scrolls of blinking {unknown}
 v - 2 scrolls of remove curse {unknown}
 y - a scroll of curse weapon {unknown}
 A - a scroll of recharging {unknown}
 E - a scroll of curse armour {unknown}
 H - a scroll of amnesia {unknown}
Jewellery
 p - an uncursed ring of ice {unknown}
 q - a cursed -2 ring of evasion {unknown}
Potions
 w - 3 potions of heal wounds {unknown}
 x - a potion of porridge
 z - a potion of curing {unknown}
 B - 2 potions of brilliance {unknown}
 D - a potion of invisibility {unknown}
 J - a potion of poison {unknown}
 K - a potion of degeneration {unknown}


   Skills:
 - Level 0.8 Fighting
 + Level 10.5 Slings
 - Level 2.4 Dodging
 - Level 1.3 Stealth


You had 5 spell levels left.
You didn't know any spells.

Dungeon Overview and Level Annotations

Branches:
Dungeon (4/27)
 Temple: D:4-7

Altars:
Trog
the Shining One

Annotations
D:2 Grinder


Innate Abilities, Weirdness & Mutations

You are small and have problems with some larger weapons.
You are somewhat resistant to further mutation.
You have a slow metabolism.


Message History

You kill the adder!
There is a bloodstained altar of Trog here.
You see here a stone.
You see here 2 stones.
There is a bloodstained altar of Trog here.
An orc wizard comes into view.
It is wielding a glowing orcish short sword.
The orc wizard shouts!
The orc wizard mumbles some strange words.
The orc wizard blinks!
The orc wizard hits you but does no damage.
You are poisoned.
You feel sick.
The orc wizard points at you and mumbles some strange words.
The magic dart hits you!
* * * LOW HITPOINT WARNING * * *
Drink which item? (? for menu, Esc to quit)
That potion was really gluggy!
It was a potion of porridge.
The ogre hits you with a giant spiked club!
Ouch! That really hurt!
You die...

#..(....#.##.# ##.###
#.##......###.## ##.....
#.##.##........###...###
#.##.##.####............
#.##.##.# .###.##...##
#_##.#.(# #........
#.##..#.# #...##++#
#.####..# #... #.# #^@#
#... #.####O.# ....
#.....o.# #.. ######..#
#..# # #..###..##
#...)((..#
........###.....#
..###### .#.


You could see an ogre and an orc wizard.

Vanquished Creatures
  Sigmund (D:4)
  A scorpion (D:4)
  A jelly (D:4)
  Terence (D:3)
  8 adders
  A giant mite (D:1)
  2 worms (D:3)
  5 giant geckos
  3 orcs (D:4)
  9 bats
  2 giant cockroaches
  6 hobgoblins
  4 jackals (D:4)
  3 ball pythons
  5 giant newts
  4 goblins
  12 kobolds
  A quokka (D:3)
  8 rats
77 creatures vanquished.

Notes
Turn   | Place    | Note
--------------------------------------------------------------
     0 | D:1      | Kae, the Halfling Hunter, began the quest for the Orb.
     0 | D:1      | Reached XP level 1. HP: 14/14 MP: 0/0
    36 | D:1      | Reached skill level 6 in Slings
   161 | D:1      | Reached XP level 2. HP: 16/19 MP: 1/1
   589 | D:1      | Reached skill level 7 in Slings
   589 | D:1      | Reached XP level 3. HP: 18/24 MP: 2/2
  1071 | D:2      | Reached XP level 4. HP: 29/29 MP: 3/3
  1129 | D:2      | Found a glowing golden altar of the Shining One.
  1215 | D:2      | Reached skill level 8 in Slings
  1432 | D:3      | Reached XP level 5. HP: 34/34 MP: 4/4
  1524 | D:3      | Noticed Grinder
  1829 | D:2      | Paralysed by Grinder for 5 turns
  1860 | D:3      | Reached skill level 9 in Slings
  2112 | D:3      | Noticed Terence
  2118 | D:3      | Killed Terence
  2470 | D:4      | Noticed Sigmund
  2477 | D:4      | Killed Sigmund
  2477 | D:4      | Reached skill level 10 in Slings
  2477 | D:4      | Reached XP level 6. HP: 39/39 MP: 5/5
  2575 | D:4      | Found a bloodstained altar of Trog.
  2594 | D:4      | Noticed an ogre
  2668 | D:4      | Demolished by an ogre

Action                   |  1- 3 |  4- 6 || total
-------------------------+-------+-------++-------
Melee: Short sword       |    68 |       ||    68
 Fire: Sling             |    20 |   136 ||   156
  Use: Potion            |       |     1 ||     1
